 Dungeon Crawl Stone Soup version 0.27-a0-637-g3a9f0a9c12 (webtiles) character file.

Game seed: 4012592759669881925

29 HoaS the Insei (level 2, -3/24 HPs)
             Began as a Demigod Gladiator on Mar 14, 2021.
             Slain by Terence
             ... wielding a +0 morningstar
              (11 damage)
             ... on level 2 of the Dungeon.
             The game lasted 00:02:12 (589 turns).

HoaS the Insei (Demigod Gladiator)                   Turns: 589, Time: 00:02:12

Health: -3/24      AC:  4    Str: 15    XL:     2   Next: 81%
Magic:  4/4        EV: 12    Int: 10    God:
Gold:   31         SH:  0    Dex: 15    Spells: 1/1 levels left

rFire    . . .     SeeInvis .     - Unarmed
rCold    . . .     Faith    .   (no shield)
rNeg     . . .     Spirit   .   a - +0 leather armour
rPois    .         Reflect  .   b - +0 helmet
rElec    .         Harm     .   (no cloak)
rCorr    .         Rampage  .   (no gloves)
Will     .....                  (no boots)
Stlth    +.........             (no amulet)
HPRegen  0.08/turn              (no ring)
MPRegen  0.09/turn              (no ring)

@: no status effects
A: high mp 1, forlorn
a: no special abilities


You were on level 2 of the Dungeon.
You visited 1 branch of the dungeon, and saw 2 of its levels.

You collected 31 gold pieces.

Inventory:

Armour
 a - a +0 leather armour (worn)
 b - a +0 helmet (worn)
Potions
 e - a potion of attraction {unknown}


   Skills:
 - Level 1.7 Fighting
 - Level 1.7 Throwing
 - Level 2.6 Dodging
 + Level 3.8 Unarmed Combat


You had one spell level left.
You didn't know any spells.
Your spell library was empty.

Dungeon Overview and Level Annotations

Branches:
Dungeon (2/15)

Annotations:
D:2 Terence


Innate Abilities, Weirdness & Mutations

Your attributes grow dramatically as you level up.
You have an increased reservoir of magic. (+10% MP)
You shall have no god before yourself.


Message History

You hit Terence but do no damage.
Terence struggles against the net.
You catch the helpless Terence completely off-guard!
You hit Terence but do no damage.
Terence struggles against the net.
You hit Terence but do no damage.
Terence struggles against the net.
You hit Terence but do no damage.
Terence struggles against the net.
You hit Terence.
Terence is lightly wounded.
Terence struggles against the net.
The net rips apart, and Terence comes free!
You hit Terence but do no damage. You punch Terence, but do no damage.
Terence is lightly wounded.
Terence hits you with a +0 morningstar.
You closely miss Terence.
Terence is lightly wounded.
Terence barely misses you.
You hit Terence.
Terence is lightly wounded.
Terence says, "Don't bother to defend, it's senseless."
Terence hits you with a +0 morningstar.
You punch Terence!
Terence is heavily wounded.
You hit Terence.
Terence is severely wounded.
Terence misses you.
You hit Terence but do no damage.
Terence is severely wounded.
Terence hits you with a +0 morningstar.
You hit Terence.
Terence is almost dead.
Terence hits you but does no damage.
You closely miss Terence. You punch Terence, but do no damage.
Terence is almost dead.
You closely miss Terence.
Terence is almost dead.
Terence asks, "Do you want it fast or slow?"
Terence hits you with a +0 morningstar.
You hit Terence but do no damage.
Terence is almost dead.
Terence hits you with a +0 morningstar!
You die...

### ..# . #.#
... #.#
###..###[#####
#(...K@@#....#
......###.###.#
#.#. #.# #.# ..
#.# #.#
#.####.###.#
#.#..........#
#
#.####...##..#
#.#. #.####..#
#.#.## #.# #..#


You could see Terence and a kobold.

Vanquished Creatures
  2 dart slugs (D:1)
  7 bats
  2 giant cockroaches (D:1)
  2 goblins (D:1)
  3 hobgoblins (D:1)
  3 kobolds (D:1)
  2 frilled lizards
  4 rats
25 creatures vanquished.

Notes
Turn   | Place    | Note
-------+----------+-------------------------------------------
     0 | D:1      | HoaS the Demigod Gladiator began the quest for the Orb.
     0 | D:1      | Reached XP level 1. HP: 17/17 MP: 3/3
    25 | D:1      | Reached skill level 3 in Unarmed Combat
   107 | D:1      | Reached XP level 2. HP: 21/24 MP: 4/4
   570 | D:2      | Noticed Terence
   589 | D:2      | Slain by Terence

Illustrated notes

Levels and vault maps discovered:
D:1:      minmay_arrival_up_and_down, layout_rooms
D:2:      layout_loops_ring, grunt_temple_overflow_growth_and_decay,
          uniq_terence

Skill      XL: |  1 |
---------------+----+-----
Unarmed Combat | 3 |  3.8
Fighting       | |  1.7
Throwing       | |  1.7
Dodging        | |  2.6

Action                   || total
-------------------------++-------
Melee: Unarmed           ||    93
       Punch             ||     5
Throw: Throwing net      ||     3
  Use: Scroll            ||     3
 Stab: Held in net/web   ||     1
Armor: Leather armour    ||    23
Dodge: Dodged            ||    51

Table legend: (Time is in decaauts)
 A = Elapsed time spent in this place.
 B = Non-inter-level travel time spent in this place.
 C = Inter-level travel time spent in this place.
 D = Time resting spent in this place.
 E = Time spent auto-exploring this place.
 F = Levels seen in this place.
 G = Mean time per level.
                   A        B        C        D        E       F      G
               +--------+--------+--------+--------+--------+-----+--------+
         Total |    582 |    555 |     27 |    144 |    248 |   2 |  291.0 |
       Dungeon |    582 |    555 |     27 |    144 |    248 |   2 |  291.0 |
               +--------+--------+--------+--------+--------+-----+--------+

Top non-repeatable levels by time:
     D:1: 496 daAuts
     D:2: 85 daAuts
